 Dungeon Crawl Stone Soup version 0.29-a0-1023-g6ae1a4a2c7 (webtiles) character file.

Game seed: 7596323877841157794

7947 Newt the Nimble (level 11, -9/86 HPs)
             Began as a Demonspawn Gladiator on Aug 11, 2022.
             Was an Initiate of Yredelemnul.
             Mangled by a komodo dragon (28 damage)
             ... on level 10 of the Dungeon.
             The game lasted 00:27:04 (13462 turns).

Newt the Nimble (Demonspawn Gladiator)             Turns: 13462, Time: 00:27:05

Health: -9/86      AC: 12    Str: 19    XL:     11   Next: 3%
Magic:  11/11      EV: 14    Int:  9    God:    Yredelemnul [......]
Gold:   146        SH: 12    Dex: 15    Spells: 10/10 levels left

rFire   . . .      SeeInvis .   H - +2 short sword (freeze)
rCold   . . .      Faith    .   M - +0 kite shield
rNeg    . . .      Spirit   .   K - +1 troll leather armour
rPois   .          Reflect  +   c - +0 helmet
rElec   .          Harm     +   C - scarf {harm}
rCorr   .          Rampage  .   t - +0 pair of gloves
Will    .....                   (no boots)
Stlth   +.........              v - amulet of reflection
HPRegen 1.04/turn               m - +4 ring of protection
MPRegen 0.24/turn               q - ring of flight

@: flying
A: hooves 1, powered by pain 2, magic regeneration, sturdy frame 2
a: Renounce Religion, Recall Undead Harvest


You were on level 10 of the Dungeon.
You worshipped Yredelemnul.
Yredelemnul was noncommittal.
You visited 1 branch of the dungeon, and saw 10 of its levels.
You also visited: Sewer.

You collected 614 gold pieces.
You spent 468 gold pieces at shops.

Inventory:

Hand Weapons
 a - a +2 rapier
 w - a +3 long sword
 H - a +2 short sword of freezing (weapon)
 J - a +3 short sword
 Q - the +4 hand axe of the Two Names {flame, +Blink rPois SInv Stlth-}
   (You found it on level 9 of the Dungeon)

   It burns those it strikes, dealing additional fire damage.
   Big, fiery blades are also staple armaments of hydra-hunters.
   rPois:     It protects you from poison.
   SInv:      It lets you see invisible.
   +Blink:    It lets you blink.
   Stlth:     It makes you less stealthy.
Missiles
 d - 5 throwing nets (quivered)
 e - a javelin
Armour
 b - a +0 leather armour
 c - a +0 helmet (worn)
 i - a +0 ring mail
 l - the +1 leather armour of Emeqeduh {Int+3}
   (You found it on level 5 of the Dungeon)

   Int:       It affects your intelligence (+3).
 p - a +0 cloak
 s - a +0 buckler
 t - a +0 pair of gloves (worn)
 x - a +1 helmet
 C - a scarf of harm (worn)
 K - a +1 troll leather armour (worn)
 M - a +0 kite shield (worn)
Jewellery
 m - a +4 ring of protection (left hand)
 q - a ring of flight (right hand)
 v - an amulet of reflection (around neck)
 z - a ring of fire
 E - a +4 ring of evasion
 I - a ring of protection from cold
Wands
 A - a wand of roots (18)
 D - a wand of acid (6)
 G - a wand of paralysis (1)
Scrolls
 h - 3 scrolls of teleportation
 j - a scroll of noise
 y - 5 scrolls of enchant armour
 B - 3 scrolls of identify
 F - 3 scrolls of enchant weapon
 L - a scroll of blinking
Potions
 f - 5 potions of degeneration
 g - 2 potions of magic
 k - 4 potions of flight
 n - a potion of brilliance
 o - a potion of cancellation
 r - a potion of attraction
 u - 5 potions of curing
 N - a potion of mutation {unknown}
 O - a potion of ambrosia {unknown}
 P - a potion of heal wounds
 R - a potion of berserk rage {unknown}


   Skills:
 - Level 8.2 Fighting
 - Level 6.2(7.5) Short Blades
 - Level 6.4(7.6) Long Blades
 - Level 1.7 Throwing
 - Level 7.2 Armour
 + Level 8.5 Dodging


You had 10 spell levels left.
You didn't know any spells.
Your spell library contained the following spells:

 Spells                   Type           Power      Damage    Failure   Level
 Apportation              Tloc           0%         N/A       83%         1
 Magic Dart               Conj           0%         1d3       83%         1
 Necrotise                Necr           0%         1d4       83%         1
 Summon Small Mammal      Summ           0%         N/A       83%         1
 Blink                    Tloc           0%         N/A       92%         2
 Call Imp                 Summ           0%         N/A       92%         2
 Ensorcelled Hibernation  Hex/Ice        0%         N/A       92%         2
 Passwall                 Tmut/Erth      0%         N/A       92%         2
 Sublimation of Blood     Necr           0%         N/A       92%         2
 Gell's Gravitas          Tloc           0%         N/A       99%         3
 Inner Flame              Hex/Fire       0%         N/A       99%         3
 Lesser Beckoning         Tloc           0%         N/A       99%         3
 Mephitic Cloud           Conj/Pois/Air  0%         N/A       99%         3
 Portal Projectile        Hex/Tloc       0%         N/A       99%         3
 Swiftness                Air            0%         N/A       99%         3
 Teleport Other           Tloc           0%         N/A       99%         3
 Tukima's Dance           Hex            0%         N/A       99%         3
 Cause Fear               Hex            0%         N/A       100%        4
 Olgreb's Toxic Radiance  Pois           0%         N/A       100%        4
 Petrify                  Tmut/Erth      0%         N/A       100%        4
 Blade Hands              Tmut           0%         N/A       100%        5
 Irradiate                Conj/Tmut      0%         3d11      100%        5
 Iskenderun's Battlesphe  Conj           0%         2d6       100%        5
 Manifold Assault         Tloc           0%         N/A       100%        5
 Dispersal                Tloc           0%         N/A       100%        6
 Iron Shot                Conj/Erth      0%         9d1       100%        6
 Ozocubu's Refrigeration  Ice            0%         4d7       100%        7
 Spellforged Servitor     Conj/Summ      0%         N/A       100%        7
 Discord                  Hex            0%         N/A       100%        8
 Ignition                 Fire           0%         3d3       100%        8


Dungeon Overview and Level Annotations

Branches:
Dungeon (10/15)            Temple (0/1) D:7           Sewer (visited)
   Lair: D:8-11         Orc: D:9-12

Altars:
Ashenzari
Dithmenos
Gozag
Kikubaaqudgha
Makhleb
Okawaru
Uskayaw
Xom
Yredelemnul

Shops:
D:4 *   D:7 [   D:8 (

Annotations:
D:6 Newt's ghost, novice KoHu


Innate Abilities, Weirdness & Mutations

You have large cloven feet.
You sometimes gain power by taking damage.
You regenerate magic rapidly.
Your movements are less encumbered by armour. (ER -4)


Message History

Unknown command.
There are monsters nearby!
Are you sure you want to stumble around while confused and next to your two-headed ogre zombie?
The troll bites you! The troll barely misses you.
The troll claws you but does no damage.
Your two-headed ogre zombie hits the troll! x2
You hit the two-headed ogre. You freeze the two-headed ogre.
You kick the two-headed ogre, but do no damage.
The two-headed ogre is lightly wounded.
The troll bites your two-headed ogre zombie!
The troll claws your two-headed ogre zombie! x2
The two-headed ogre closely misses you.
The two-headed ogre completely misses you.
There are monsters nearby!
You feel less confused.
The troll completely misses your two-headed ogre zombie.
The troll claws your two-headed ogre zombie. x2
Your two-headed ogre zombie closely misses the troll.
Your two-headed ogre zombie barely misses the troll.
Blink to where?
Press: ? - help, Q - select action, (/) - cycle Dir - move target
As you read the scroll of blinking, it crumbles to dust.
Aiming: Corrosive Bolt
Press: ? - help, Q - select action, (/) - cycle Shift-Dir - straight line, f - two-headed ogre
Aim: a two-headed ogre, wielding two +0 giant clubs (lightly wounded, 86% to hit)
Out of range.
Okay, then.
A komodo dragon comes into view.
The troll bites something!
The troll claws something. x2
The komodo dragon hisses angrily.
You block the komodo dragon's attack.
You hit the komodo dragon but do no damage.
The komodo dragon bites you!
* * * LOW HITPOINT WARNING * * *
Unknown command.
You hit the komodo dragon but do no damage.
You kick the komodo dragon, but do no damage.
The komodo dragon bites you!!
You die...
Your body rises from the dead as a mindless zombie.

#....... .# ..........
#....... ..' #........
#####... #.'.#....... ..
#... .'.#...... .... #...
##....... ....#.. #...
##....... .........##'#
#.......#...............
##.....l@#............##.
#......#..#........##[...
...................###...
..............##....##...
............OT.#.........
...##..........##...)....
.. ............).#.##...
. .....##......Z.#.##...
......##...............


You could see a two-headed ogre, a komodo dragon and a troll.

Vanquished Creatures
  A two-headed ogre (D:10)
  A hornet (D:10)
  3 wyverns
  9 yaks
  2 steam dragons
  2 water moccasins
  A sky beast (D:7)
  4 orc warriors
  3 ice beasts
  Pargi (Sewer)
  4 ogres
  3 centaurs
  A phantom (D:5)
  A bullfrog (D:8)
  A necrophage (D:7)
  5 scorpions
  2 gnoll sergeants
  9 wights
  3 killer bees
  5 howler monkeys
  2 hounds
  3 gnoll boudas
  5 orc priests
  6 iguanas
  6 orc wizards
  A hound skeleton (D:7)
  21 gnolls
  9 adders
  An ufetubus (D:5)
  3 adder zombies (D:4)
  3 worms
  A dart slug (D:1)
  20 orcs
  13 ball pythons
  6 endoplasms
  7 giant cockroaches
  25 goblins
  18 hobgoblins
  5 jackals
  3 quokkas
  4 ball python zombies (D:4)
  5 bats
  4 frilled lizards (D:1)
  2 jackal zombies (D:4)
  14 kobolds
  A kobold zombie (D:4)
  8 rats
257 creatures vanquished.

Vanquished Creatures (collateral kills)
  A wraith (D:9)
  A vampire mosquito (D:10)
  An ice beast (D:5)
  A sky beast (D:7)
  2 kobold brigands (D:10)
  A bullfrog (D:9)
  A wight (D:7)
  4 killer bees (D:9)
  4 orc wizards
  9 gnolls
  An adder (D:4)
  2 orcs
  A giant cockroach (D:5)
  3 hobgoblins (D:3)
  A jackal (D:4)
  A frilled lizard (D:3)
  6 goblins (D:3)
  4 kobolds (D:3)
44 creatures vanquished.

Vanquished Creatures (others)
  A two-headed ogre zombie (D:10)
  A wyvern zombie (D:10)
  A water moccasin zombie (D:9)
  A yak zombie (D:8)
  A bullfrog zombie (D:8)
  A centaur zombie (D:8)
  3 killer bee zombies (D:9)
  A hound zombie (D:6)
  4 howler monkey zombies
  An adder zombie (D:3)
  9 gnoll zombies
  A ball python zombie (D:3)
  A frilled lizard zombie (D:3)
  2 giant cockroach zombies (D:3)
  12 goblin zombies
  3 hobgoblin zombies (D:3)
  6 kobold zombies
  8 orc zombies
  3 quokka zombies
  A rat zombie (D:3)
  2 withered plants (D:6)
63 creatures vanquished.

Grand Total: 364 creatures vanquished

Notes
Turn   | Place    | Note
-------+----------+-------------------------------------------
     0 | D:1      | Newt the Demonspawn Gladiator began the quest for the Orb.
     0 | D:1      | Reached XP level 1. HP: 16/16 MP: 1/1
   590 | D:1      | Gained mutation: You regenerate magic rapidly. [demonic
                  | ancestry]
   590 | D:1      | Reached XP level 2. HP: 22/22 MP: 2/2
   969 | D:1      | You fall into a shaft and drop 1 floor!
  1034 | D:2      | Gained mutation: You have large cloven feet. [demonic
                  | ancestry]
  1034 | D:2      | Reached XP level 3. HP: 25/27 MP: 3/3
  1583 | D:2      | Gained mutation: Your movements are slightly less
                  | encumbered by armour. (ER -2) [demonic ancestry]
  1583 | D:2      | Reached XP level 4. HP: 33/33 MP: 4/4
  2060 | D:3      | Reached skill level 5 in Short Blades
  2240 | D:3      | Found a faded altar of an unknown god.
  2251 | D:3      | Prayed at the altar of an unknown god.
  2251 | D:3      | Became a worshipper of Yredelemnul the Dark
  2251 | D:3      | Reached * piety under Yredelemnul
  2646 | D:3      | Reached XP level 5. HP: 36/38 MP: 5/5
  2729 | D:3      | Reached ** piety under Yredelemnul
  2987 | D:3      | Reached *** piety under Yredelemnul
  3619 | D:3      | Gained mutation: Your movements are less encumbered by
                  | armour. (ER -4) [demonic ancestry]
  3619 | D:3      | Reached XP level 6. HP: 19/44 MP: 6/6
  4471 | D:4      | Found Disezast's General Store.
  4526 | D:4      | Bought a potion of curing for 30 gold pieces
  4526 | D:4      | Bought a scroll of identify for 20 gold pieces
  4526 | D:4      | Bought a scroll of identify for 20 gold pieces
  4526 | D:4      | Bought a scroll of identify for 20 gold pieces
  4622 | D:4      | Reached skill level 1 in Armour
  5378 | D:5      | Entered Level 5 of the Dungeon
  5380 | D:5      | Noticed an ice beast
  5400 | D:5      | Killed an ice beast
  5401 | D:5      | Gained mutation: You sometimes gain a little power by
                  | taking damage. [demonic ancestry]
  5401 | D:5      | Reached XP level 7. HP: 36/53 MP: 7/7
  5431 | D:5      | Identified the +1 leather armour of Emeqeduh {Int+3}
  5997 | D:5      | Found a glowing drain.
  6017 | Sewer    | Entered a sewer
  6028 | Sewer    | Reached skill level 5 in Fighting
  6070 | Sewer    | Noticed Pargi
  6088 | Sewer    | Killed Pargi
  6089 | Sewer    | Reached XP level 8. HP: 51/62 MP: 8/8
  6470 | D:5      | Reached skill level 5 in Armour
  7336 | D:6      | Found a runed translucent door.
  7336 | D:6      | Noticed Newt's ghost (novice KoHu)
  7896 | D:8      | Reached XP level 9. HP: 17/72 MP: 9/9
  8731 | D:7      | Found an iron altar of Okawaru.
  8791 | D:7      | Found Qavyr's Antique Armour Emporium.
  8847 | D:7      | Found a staircase to the Ecumenical Temple.
  9409 | D:8      | Found Efiot's Weapon Shop.
  9474 | D:8      | Reached skill level 1 in Long Blades
  9503 | D:8      | Reached skill level 5 in Long Blades
 10222 | D:8      | Reached XP level 10. HP: 63/80 MP: 10/10
 11341 | D:7      | Bought a shiny troll leather armour for 378 gold pieces
 11712 | D:7      | Found an opulent altar of Gozag.
 11714 | D:7      | Found an ancient bone altar of Kikubaaqudgha.
 11714 | D:7      | Found a hide-covered altar of Uskayaw.
 11716 | D:7      | Found a shimmering altar of Xom.
 11716 | D:7      | Found a shadowy altar of Dithmenos.
 11717 | D:7      | Found a broken altar of Ashenzari.
 11968 | D:7      | Found a burning altar of Makhleb.
 12188 | D:9      | Reached skill level 5 in Dodging
 12902 | D:9      | Identified the +4 hand axe of the Two Names {flame, +Blink
                  | rPois SInv Stlth-}
 13136 | D:10     | Entered Level 10 of the Dungeon
 13307 | D:10     | Noticed a two-headed ogre
 13320 | D:10     | Paralysed by a hornet for 1 turns
 13331 | D:10     | Killed a two-headed ogre
 13332 | D:10     | Gained mutation: You sometimes gain power by taking damage.
                  | [demonic ancestry]
 13332 | D:10     | Reached XP level 11. HP: 31/86 MP: 11/11
 13447 | D:10     | Noticed a two-headed ogre
 13462 | D:10     | Mangled by a komodo dragon

Illustrated notes

Levels and vault maps discovered:
D:1:      sevenhm_arrival_forest_fort_small_5, layout_basic
D:2:      layout_basic
D:3:      minmay_goblin_kobold_castle, layout_basic,
          nicolae_ecumenical_lake_church, reono_crystal_passage
D:4:      layout_cave_pods, nicolae_stop_n_shop_1
D:5:      layout_rooms, portal_sewer_entry_f, ebering_dispersal_statue_hall,
          corexii_checkpoint_a
D:6:      layout_loops_ring, gammafunk_ghost_grave
D:7:      layout_loops_ring, grunt_temple_overflow_open,
          makhleb_blood_cavern_becter, okawaru_metal_pillars_1_2,
          temple_fountains, serial_shops, nicolae_diamond_shop
D:8:      layout_loops_corners, kennysheep_windowed_goal
D:9:      layout_irregular_city, dreamdust_princess_bridge, grunt_ministairs_10
D:10:     layout_cave_pools, hangedman_abyss_or_decor_clamps,
          kennysheep_kite_vault

Skill      XL: |  1  2  3  4  5  6  7  8  9 10 |
---------------+-------------------------------+-----
Short Blades   | 3 4 5 6 |  6.2
Armour         | 2 4 6 7 |  7.2
Fighting       | 3 5 7 8 |  8.2
Long Blades    | 5 6 |  6.4
Dodging        | 8 |  8.5
Throwing       | |  1.7

Action                   |  1- 3 |  4- 6 |  7- 9 | 10-12 || total
-------------------------+-------+-------+-------+-------++-------
Melee: Rapier            |   117 |   259 |   244 |       ||   620
       Kick              |    15 |    80 |   109 |    99 ||   303
       Punch             |       |     2 |       |       ||     2
       Long sword        |       |       |    58 |       ||    58
       Short sword       |       |       |    38 |   303 ||   341
Evoke: Wand              |       |       |     1 |     2 ||     3
  Use: Scroll            |     3 |    13 |     8 |     4 ||    28
       Potion            |       |     1 |     8 |       ||     9
 Stab: Distracted        |       |     2 |     3 |     1 ||     6
       Sleeping          |       |     2 |       |     1 ||     3
Armor: Ring mail         |    48 |   129 |       |       ||   177
       Leather armour    |       |       |   152 |    10 ||   162
       Troll leather arm |       |       |       |    74 ||    74
Dodge: Dodged            |    67 |   206 |   170 |   144 ||   587
Block: Buckler           |       |    11 |    83 |    94 ||   188
       Kite shield       |       |       |       |    44 ||    44
       Reflection        |       |       |       |     4 ||     4

Table legend: (Time is in decaauts)
 A = Elapsed time spent in this place.
 B = Non-inter-level travel time spent in this place.
 C = Inter-level travel time spent in this place.
 D = Time resting spent in this place.
 E = Time spent auto-exploring this place.
 F = Levels seen in this place.
 G = Mean time per level.
                   A        B        C        D        E       F      G
               +--------+--------+--------+--------+--------+-----+--------+
         Total |  13399 |  12776 |    623 |   3422 |   7181 |  11 | 1218.1 |
       Dungeon |  13222 |  12599 |    623 |   3422 |   7054 |  10 | 1322.2 |
         Sewer |    176 |    176 |      0 |      0 |    126 |   1 |  176.0 |
               +--------+--------+--------+--------+--------+-----+--------+

Top non-repeatable levels by time:
     D:8: 2369 daAuts
     D:3: 2239 daAuts
     D:7: 2046 daAuts
     D:4: 1175 daAuts
     D:5: 1129 daAuts
     D:6: 1038 daAuts
     D:2: 985 daAuts
     D:1: 972 daAuts
     D:9: 940 daAuts
    D:10: 325 daAuts
   Sewer: 176 daAuts
